[Event "Titled Tuesday Blitz June 13 Early 2023"]
[White "Maevsky, Nikolay"]
[Black "Yeletsky, Ivan"]
[WhiteFideId "4198220"]
[BlackFideId "24180327"]
[WhiteElo "2021"]
[BlackElo "2380"]
[Result "0-1"]
[Round "9"]
[TimeControl "180+2"]
[Date "2023.06.13"]
[WhiteClock "0:00:14"]
[BlackClock "0:01:32"]
[Board "27"]

1. d4 d5 2. Nf3 Nf6 3. e3 Bf5 4. c4 e6 5. Qb3 Nc6 6. Na3 Nb4 7. Bd2 a5 8. Qa4+ c6 9. Be2 Be7 10. c5 Nd3+ 11. Bxd3 Bxd3 12. Ne5 Ba6 13. Qxa5 Qb8 14. Qb6 Ne4 15. Ba5 Bxc5 16. dxc5 Qxe5 17. f3 Qg5 18. Nc2 Qh4+ 19. g3 Nxg3 20. hxg3 Qxh1+ 21. Kd2 Qxf3 22. Re1 Qxg3 23. Kc1 O-O 24. Bc3 Bd3 25. a3 Bg6 26. Qxb7 Qf2 27. Na1 Rab8 28. Qxc6 Rxb2 29. Bxb2 Qxe1# 0-1


[Site "https://www.chess.com"]

[Event "Titled Tuesday Blitz June 13 Early 2023"]
[White "Mekhitarian, Krikor Sevag"]
[Black "Jaracz, Pawel"]
[WhiteFideId "2107660"]
[BlackFideId "1102222"]
[WhiteElo "2604"]
[BlackElo "2454"]
[Result "1-0"]
[Round "9"]
[TimeControl "180+2"]
[Date "2023.06.13"]
[WhiteClock "0:00:14"]
[BlackClock "0:00:02"]
[Board "28"]

1. Nf3 b5 2. e4 Bb7 3. Bxb5 Bxe4 4. O-O e6 5. Re1 Nf6 6. d4 Be7 7. Bf1 O-O 8. c4 c6 9. Nc3 Bxf3 10. Qxf3 d5 11. Be3 Nbd7 12. Rac1 a5 13. Qd1 dxc4 14. Bxc4 Nb6 15. Be2 Nbd5 16. Bf3 Bb4 17. Bd2 Rb8 18. Na4 Qd6 19. a3 Bxd2 20. Qxd2 Ne7 21. Qxa5 Qxd4 22. Red1 Qf4 23. Nc5 Nfd5 24. Qd2 Qh4 25. Nd7 Ra8 26. Nxf8 Kxf8 27. g3 Qf6 28. Bg2 h5 29. Qd4 Qg5 30. h4 Qg6 31. Qc5 Qf6 32. Qd4 Qg6 33. Rc4 Kg8 34. Qd2 Ra6 35. Qd3 Rb6 36. Qxg6 Nxg6 37. Rc2 Ne5 38. a4 Rb3 39. Ra1 Nb4 40. Re2 Nc4 41. a5 Na6 42. Rc2 Rb4 43. Bf1 1-0


[Site "https://www.chess.com"]

[Event "Titled Tuesday Blitz June 13 Early 2023"]
[White "Timerkhanov, Alexander"]
[Black "Molina, Roberto Junio Brito"]
[WhiteFideId "24177938"]
[BlackFideId "2109450"]
[WhiteElo "2278"]
[BlackElo "2376"]
[Result "0-1"]
[Round "9"]
[TimeControl "180+2"]
[Date "2023.06.13"]
[WhiteClock "0:00:24"]
[BlackClock "0:00:12"]
[Board "29"]

1. d4 d5 2. Bf4 e6 3. e3 Bd6 4. Bg3 Qe7 5. Nf3 Bxg3 6. hxg3 Qb4+ 7. Nbd2 Qxb2 8. Bd3 Nf6 9. c4 Qa3 10. Qe2 Nbd7 11. e4 dxe4 12. Bxe4 Nxe4 13. Nxe4 Qe7 14. Kf1 b6 15. d5 Ba6 16. Re1 O-O 17. Qc2 h6 18. Neg5 Nf6 19. dxe6 hxg5 20. Nxg5 Qc5 21. exf7+ Rxf7 22. Qg6 Bxc4+ 23. Kg1 Raf8 24. Rh7 Qxf2+ 25. Kxf2 Ng4+ 26. Kg1 Rf1+ 27. Rxf1 Rxf1# 0-1


[Site "https://www.chess.com"]

[Event "Titled Tuesday Blitz June 13 Early 2023"]
[White "Kashlinskaya, Alina"]
[Black "Krzyzanowski, Marcin"]
[WhiteFideId "4198026"]
[BlackFideId "1132199"]
[WhiteElo "2383"]
[BlackElo "2471"]
[Result "0-1"]
[Round "9"]
[TimeControl "180+2"]
[Date "2023.06.13"]
[WhiteClock "0:00:12"]
[BlackClock "0:00:20"]
[Board "30"]

1. Nf3 Nf6 2. g3 d5 3. Bg2 b5 4. O-O Bb7 5. a4 b4 6. d4 e6 7. c3 bxc3 8. Nxc3 Be7 9. Bf4 O-O 10. Qb3 Ba6 11. Nb5 Ne8 12. Rfc1 c6 13. Nc3 Nd7 14. Qc2 Rc8 15. e4 Nd6 16. e5 Nc4 17. b3 Na5 18. Rab1 c5 19. Qd1 c4 20. b4 Nb3 21. b5 Nxc1 22. Qxc1 Bb7 23. h4 f5 24. exf6 Bxf6 25. Bh3 Re8 26. Ne5 Bxe5 27. dxe5 d4 28. Na2 Nb6 29. Nb4 Nd5 30. Bg5 Qa5 31. Nc6 Bxc6 32. bxc6 Rxc6 33. Rb7 Rc7 34. Rb5 Qxa4 35. Bxe6+ Rxe6 36. Rxd5 d3 37. Rxd3 cxd3 38. Qxc7 Qa1+ 39. Kg2 Qxe5 40. Qc8+ Re8 41. Qc4+ Qe6 42. Qxd3 Qe4+ 43. Qxe4 Rxe4 44. Kf3 Rb4 45. Ke2 a5 46. Kd3 a4 47. Bd2 Rb3+ 48. Kc2 Kf7 49. Bc3 h5 50. f3 g6 51. g4 Ke6 52. Kd2 Kd5 53. Kc2 Kc4 54. gxh5 gxh5 55. Bf6 Rxf3 0-1


[Site "https://www.chess.com"]

[Event "Titled Tuesday Blitz June 13 Early 2023"]
[White "Kumsiashvili, Nikoloz"]
[Black "Wojtaszek, Radoslaw"]
[WhiteFideId "13600621"]
[BlackFideId "1118358"]
[WhiteElo "2299"]
[BlackElo "2586"]
[Result "0-1"]
[Round "9"]
[TimeControl "180+2"]
[Date "2023.06.13"]
[WhiteClock "0:00:00"]
[BlackClock "0:00:18"]
[Board "31"]

1. Nf3 d5 2. b3 Bf5 3. Bb2 e6 4. e3 Nf6 5. Be2 h6 6. O-O Be7 7. d3 O-O 8. Nbd2 a5 9. a3 Bh7 10. Ne5 Nbd7 11. Ndf3 Nxe5 12. Nxe5 Nd7 13. f4 Nxe5 14. Bxe5 Bf6 15. Bxf6 Qxf6 16. d4 Rfc8 17. b4 b6 18. c3 c5 19. Bd3 cxd4 20. cxd4 Rc3 21. Bxh7+ Kxh7 22. Qd2 Rac8 23. Rfc1 axb4 24. axb4 R3c4 25. Rxc4 Rxc4 26. b5 Qg6 27. Ra2 Qb1+ 28. Kf2 Qxb5 29. Qd3+ f5 30. Qd2 Qb1 31. Rb2 Qe4 32. h3 b5 33. Kg1 b4 34. Qe2 Rc3 35. Kf2 b3 0-1


[Site "https://www.chess.com"]

[Event "Titled Tuesday Blitz June 13 Early 2023"]
[White "Budrewicz, Krzysztof"]
[Black "Hafiz, Arif Abdul"]
[WhiteFideId "1127950"]
[BlackFideId "7104227"]
[WhiteElo "2230"]
[BlackElo "2198"]
[Result "0-1"]
[Round "9"]
[TimeControl "180+2"]
[Date "2023.06.13"]
[WhiteClock "0:00:02"]
[BlackClock "0:00:20"]
[Board "32"]

1. d4 Nf6 2. c4 g6 3. Nc3 d5 4. Nf3 Bg7 5. cxd5 Nxd5 6. Bd2 O-O 7. e4 Nxc3 8. Bxc3 Nd7 9. Be2 c5 10. O-O cxd4 11. Bxd4 Nf6 12. Qc2 Bg4 13. Bc3 Rc8 14. h3 Bxf3 15. Bxf3 Nd7 16. Rfd1 Bxc3 17. bxc3 Qc7 18. Qb3 Nc5 19. Qb4 b6 20. Rd4 Ne6 21. Rd3 Nc5 22. Rd4 Na6 23. Qa4 Nb8 24. Rad1 e6 25. h4 h6 26. h5 g5 27. g3 Qxc3 28. Kg2 Nc6 29. R4d3 Qf6 30. Re3 Rc7 31. Rc1 Rfc8 32. Qa6 Qd8 33. Rec3 Nb4 34. Qxc8 Qxc8 35. Rxc7 Qa6 36. e5 Qxa2 37. R1c3 Qa5 38. Rc8+ Kg7 39. R3c7 Qxe5 40. Rxa7 Nd3 41. Rcc7 Qf5 42. Be2 Qxf2+ 43. Kh3 Ne5 0-1


[Site "https://www.chess.com"]

[Event "Titled Tuesday Blitz June 13 Early 2023"]
[White "Miladinovic, Igor"]
[Black "Gontcharov, Vladislav"]
[WhiteFideId "4203380"]
[BlackFideId "4123492"]
[WhiteElo "2568"]
[BlackElo "2420"]
[Result "1-0"]
[Round "9"]
[TimeControl "180+2"]
[Date "2023.06.13"]
[WhiteClock "0:01:46"]
[BlackClock "0:00:45"]
[Board "33"]

1. d4 Nf6 2. Bg5 e6 3. e3 c5 4. c3 cxd4 5. exd4 Be7 6. Bxf6 Bxf6 7. Nd2 d5 8. Ngf3 Nc6 9. Bd3 O-O 10. O-O e5 11. dxe5 Nxe5 12. Nxe5 Bxe5 13. Bxh7+ Kxh7 14. Qh5+ Kg8 15. Qxe5 Re8 16. Qd4 Be6 17. Rae1 b5 18. Re3 f6 19. Rfe1 Qd7 20. h3 Bf7 21. Rxe8+ Rxe8 22. Rxe8+ Bxe8 23. Nf1 Bf7 24. Ne3 a5 25. Qb6 b4 26. Qxa5 bxc3 27. bxc3 d4 28. Qa8+ Kh7 29. Qe4+ Kg8 30. cxd4 Bxa2 31. Qa8+ 1-0


[Site "https://www.chess.com"]

[Event "Titled Tuesday Blitz June 13 Early 2023"]
[White "Vakhlamov, Igor L."]
[Black "Hajiyev, Kanan"]
[WhiteFideId "24126748"]
[BlackFideId "13404148"]
[WhiteElo "2407"]
[BlackElo "2115"]
[Result "1/2-1/2"]
[Round "9"]
[TimeControl "180+2"]
[Date "2023.06.13"]
[WhiteClock "0:00:29"]
[BlackClock "0:00:19"]
[Board "34"]

1. e4 c6 2. d4 d5 3. exd5 cxd5 4. c4 Nf6 5. Nc3 e6 6. c5 Be7 7. Bb5+ Bd7 8. Bxd7+ Qxd7 9. Nf3 Nc6 10. Rb1 a5 11. a3 Ne4 12. Na4 Qc7 13. O-O O-O 14. Be3 f5 15. Qc1 f4 16. Bd2 g5 17. h3 h5 18. Nb6 Rae8 19. Qd1 e5 20. Nxd5 Qd7 21. Nxe7+ Rxe7 22. Bc3 g4 23. Nxe5 Nxe5 24. dxe5 Nxc3 25. bxc3 Qf5 26. hxg4 hxg4 27. Qd5+ Rff7 28. Rfe1 g3 29. Qf3 Rxe5 30. fxg3 Rxe1+ 31. Rxe1 Qxc5+ 32. Qf2 Qxf2+ 33. Kxf2 fxg3+ 34. Kxg3 Rc7 35. Re3 Rc4 36. Kf2 Ra4 37. Re7 b5 38. Rb7 Rxa3 39. Rxb5 Rxc3 40. Rxa5 Kg7 41. Rg5+ Kf6 42. Rg3 Rxg3 43. Kxg3 Kg5 44. Kf3 Kf5 45. Kg3 Kg5 46. Kh3 Kh5 47. Kh2 Kg4 48. Kg1 Kg3 49. Kf1 Kg4 50. Kf2 Kf4 51. g3+ Kg4 52. Kg2 Kg5 53. Kf3 Kf5 54. g4+ Kg5 55. Kg3 Kg6 56. Kf4 Kf6 57. g5+ Kg6 58. Kg4 Kg7 59. Kh4 Kg6 60. Kg4 Kg7 61. Kf5 Kf7 62. g6+ Kg7 63. Kg5 Kg8 64. Kh5 Kg7 65. Kg5 Kg8 66. Kf6 Kf8 67. Ke5 Kg7 68. Kf4 Kxg6 1/2-1/2


[Site "https://www.chess.com"]

[Event "Titled Tuesday Blitz June 13 Early 2023"]
[White "Rahman, Masruri"]
[Black "Safin, Robert"]
[WhiteFideId "7101163"]
[BlackFideId "34189120"]
[WhiteElo "2256"]
[BlackElo "2341"]
[Result "0-1"]
[Round "9"]
[TimeControl "180+2"]
[Date "2023.06.13"]
[WhiteClock "0:00:00"]
[BlackClock "0:00:07"]
[Board "35"]

1. d4 Nf6 2. Bf4 d5 3. e3 c5 4. Nc3 a6 5. Nf3 cxd4 6. exd4 Nc6 7. Ne5 Bf5 8. Nxc6 bxc6 9. Bd3 Bxd3 10. Qxd3 e6 11. O-O c5 12. dxc5 Bxc5 13. Qg3 Nh5 14. Qg4 Nxf4 15. Qxf4 O-O 16. Ne2 Qb8 17. Rab1 Qxf4 18. Nxf4 Rfc8 19. Nd3 Bd6 20. c3 a5 21. Rfd1 Kf8 22. Kf1 Ke7 23. h3 h5 24. Ke2 g5 25. Rbc1 Rab8 26. Rc2 Rc4 27. b3 Rc6 28. c4 Rbc8 29. c5 Bxc5 30. Rdc1 Kd6 31. f3 Bd4 32. Rxc6+ Rxc6 33. Rxc6+ Kxc6 34. a4 h4 35. b4 axb4 36. Nxb4+ Kc5 37. Na6+ Kb6 38. Nb8 Bg7 39. Kd3 Kb7 40. Nd7 Kc6 41. Nb8+ Kc7 42. Na6+ Kb6 43. Nb8 f5 44. Nd7+ Kc6 45. Nb8+ Kc7 46. Na6+ Kb6 47. Nb8 e5 48. Nd7+ Kc7 49. Nb8 Kxb8 0-1


[Site "https://www.chess.com"]

[Event "Titled Tuesday Blitz June 13 Early 2023"]
[White "Weetik, Vjacheslav"]
[Black "Yelisieiev, Yevhenii"]
[WhiteFideId "4153472"]
[BlackFideId "14139642"]
[WhiteElo "2469"]
[BlackElo "2403"]
[Result "1-0"]
[Round "9"]
[TimeControl "180+2"]
[Date "2023.06.13"]
[WhiteClock "0:00:05"]
[BlackClock "0:00:00"]
[Board "36"]

1. d4 d6 2. e4 Nf6 3. Nc3 e5 4. Nge2 c6 5. g3 b5 6. Bg2 Bb7 7. O-O Be7 8. h3 Nbd7 9. Be3 O-O 10. g4 b4 11. Na4 exd4 12. Nxd4 c5 13. Nf5 Nxe4 14. Qd3 d5 15. Rad1 Ne5 16. Qb5 Bc6 17. Qa6 Qe8 18. b3 Bf6 19. Nxc5 Bb5 20. Qa5 Bxf1 21. Rxf1 Nc3 22. Qxb4 Rc8 23. Kh1 Qc6 24. Qxc3 Nxg4 25. Bd4 Bxd4 26. Qxd4 Qf6 27. Qxf6 Nxf6 28. Ne7+ Kh8 29. Nxc8 Rxc8 30. b4 Re8 31. Bf3 Ne4 32. Bxe4 dxe4 33. Re1 f5 34. f3 e3 35. f4 g5 36. Kg2 gxf4 37. Kf3 Rd8 38. Kxf4 Rd2 39. c3 e2 40. Ke3 Rxa2 41. Rxe2 Ra3 42. Kd4 Kg7 43. Re7+ Kg6 44. Nd3 a5 45. b5 a4 46. b6 Rb3 47. Ra7 Rxb6 48. Rxa4 Rd6+ 49. Ke3 Kg5 50. Rd4 Re6+ 51. Kf3 Ra6 52. h4+ Kf6 53. c4 Ra1 54. c5 Rf1+ 55. Ke2 Rh1 56. Rd6+ Ke7 57. Rh6 Rh2+ 58. Ke3 Rh3+ 59. Kd4 Rh1 60. c6 1-0


[Site "https://www.chess.com"]

[Event "Titled Tuesday Blitz June 13 Early 2023"]
[White "Jovic, Stanoje"]
[Black "Maximov, Dmitry"]
[WhiteFideId "905020"]
[BlackFideId "14105659"]
[WhiteElo "2236"]
[BlackElo "2494"]
[Result "0-1"]
[Round "9"]
[TimeControl "180+2"]
[Date "2023.06.13"]
[WhiteClock "0:00:00"]
[BlackClock "0:00:56"]
[Board "37"]

1. c4 Nf6 2. g3 g6 3. Bg2 Bg7 4. Nc3 O-O 5. Nf3 d6 6. O-O e5 7. d3 Nh5 8. e4 c5 9. Ne1 Nc6 10. Nc2 f5 11. exf5 Nd4 12. fxg6 hxg6 13. Ne3 Nf4 14. Be4 Bh3 15. gxf4 exf4 16. Ned5 Be5 17. Kh1 f3 18. Rg1 Bg2+ 19. Rxg2 fxg2+ 20. Kxg2 Rxf2+ 21. Kxf2 Qh4+ 22. Ke3 Qh6+ 23. Kf2 Rf8+ 24. Bf3 Qxh2+ 25. Ke3 Nc2+ 26. Qxc2 Bd4+ 0-1


[Site "https://www.chess.com"]

[Event "Titled Tuesday Blitz June 13 Early 2023"]
[White "Ivanchuk, Vasyl"]
[Black "Shubenkova, Veronika"]
[WhiteFideId "14100010"]
[BlackFideId "44124040"]
[WhiteElo "2710"]
[BlackElo "2060"]
[Result "1-0"]
[Round "9"]
[TimeControl "180+2"]
[Date "2023.06.13"]
[WhiteClock "0:01:02"]
[BlackClock "0:00:00"]
[Board "38"]

1. d4 d5 2. c4 e6 3. Nf3 Nf6 4. e3 c6 5. Bd3 Be7 6. O-O Nbd7 7. b3 O-O 8. Bb2 Ne4 9. Qe2 f5 10. Ba3 g5 11. Bxe7 Qxe7 12. Nfd2 g4 13. f3 gxf3 14. gxf3 Nxd2 15. Nxd2 Kh8 16. f4 Nf6 17. c5 b6 18. Rac1 Bd7 19. Nf3 Be8 20. Ne5 Bh5 21. Qf2 bxc5 22. Rxc5 Rg8+ 23. Kh1 Ne4 24. Bxe4 fxe4 25. Rxc6 Rg7 26. Rcc1 Rag8 27. Rg1 Qa3 28. h3 Rg3 29. Kh2 Rxg1 30. Rxg1 Rxg1 31. Kxg1 Qc1+ 32. Kh2 h6 33. Kg3 Qc7 34. b4 Qe7 35. Qd2 Qg7+ 36. Kh2 Qe7 37. a4 Qh4 38. b5 Kh7 39. a5 Qd8 40. b6 axb6 41. a6 b5 42. a7 Qc7 43. a8=Q Bf3 44. Qda2 Qc1 45. Q2a7+ 1-0


[Site "https://www.chess.com"]

[Event "Titled Tuesday Blitz June 13 Early 2023"]
[White "Gharibyan, Mamikon"]
[Black "Chernobay, Artem"]
[WhiteFideId "13308300"]
[BlackFideId "4167406"]
[WhiteElo "2445"]
[BlackElo "2474"]
[Result "1/2-1/2"]
[Round "9"]
[TimeControl "180+2"]
[Date "2023.06.13"]
[WhiteClock "0:00:45"]
[BlackClock "0:00:02"]
[Board "39"]

1. Nf3 Nf6 2. g3 g6 3. b4 Bg7 4. Bb2 O-O 5. Bg2 d6 6. d4 Ne4 7. Nbd2 Nxd2 8. Qxd2 Bf5 9. O-O Be4 10. c4 c6 11. a4 d5 12. Rfc1 Nd7 13. b5 Nb6 14. cxd5 cxd5 15. e3 Nc4 16. Qb4 a5 17. bxa6 bxa6 18. Bc3 Rb8 19. Qc5 Qd7 20. Ne5 Bxe5 21. dxe5 Bxg2 22. Kxg2 e6 23. Qd4 Rfc8 24. Qf4 Rb3 25. Bd4 Qe7 26. h4 h5 27. e4 Qd8 28. Rab1 Rxb1 29. Rxb1 dxe4 30. Rb7 Rc7 31. Rxc7 Qxc7 32. Qxe4 Qd7 33. Qa8+ Kg7 34. Bc5 Nxe5 35. Qf8+ Kh7 36. Bd6 f6 37. Kh3 Nf7 38. Be7 e5+ 39. Kh2 Nh6 40. Bxf6 Ng4+ 41. Kg1 Qd1+ 42. Kg2 Qd5+ 43. Kg1 Qd1+ 44. Kg2 Qd5+ 45. Kg1 Qd1+ 1/2-1/2


[Site "https://www.chess.com"]

[Event "Titled Tuesday Blitz June 13 Early 2023"]
[White "Belov, Alexei"]
[Black "Vignesh N R"]
[WhiteFideId "4128206"]
[BlackFideId "25012215"]
[WhiteElo "2626"]
[BlackElo "2415"]
[Result "1/2-1/2"]
[Round "9"]
[TimeControl "180+2"]
[Date "2023.06.13"]
[WhiteClock "0:00:07"]
[BlackClock "0:00:05"]
[Board "40"]

1. e4 e5 2. Nf3 Nc6 3. Bb5 a6 4. Ba4 Nf6 5. d4 b5 6. Bb3 exd4 7. e5 Ng4 8. O-O Bc5 9. h3 Ngxe5 10. Nxe5 Nxe5 11. Re1 d6 12. f4 d3+ 13. Be3 O-O 14. fxe5 Qg5 15. Bxc5 dxc5 16. Bd5 dxc2 17. Qxc2 Bf5 18. Qxc5 c6 19. Bf3 Bxh3 20. Nc3 Rad8 21. Ne4 Qg6 22. Rad1 h5 23. Rd6 Be6 24. Red1 Rde8 25. Qe3 h4 26. Qg5 Qxg5 27. Nxg5 Bxa2 28. e6 f6 29. Bxc6 fxg5 30. Bxe8 Rxe8 31. Rd8 Kf8 32. Rxe8+ Kxe8 33. Rd7 Bxe6 34. Rxg7 g4 35. Ra7 Bc8 36. Rh7 h3 37. gxh3 gxh3 38. Kf2 Kd8 39. Ke3 Bd7 40. b4 Kc7 41. Kd4 Kd6 42. Rh6+ Be6 43. Ke4 Kd7 44. Ke5 Bg4 45. Rxa6 Bf3 46. Rh6 Bg2 47. Kd4 Ke7 48. Kc5 Bf1 49. Kd5 Kf7 50. Ke5 Kg7 51. Rh4 Kg6 52. Kf4 Bg2 53. Kg4 Bf1 54. Kg3 Kg5 55. Rh8 Bg2 56. Re8 Kf5 57. Rc8 Ke4 58. Rc5 Bf1 59. Kf2 Bc4 60. Rh5 h2 61. Rxh2 Kd3 62. Rh3+ Kc2 63. Ke1 Bd3 64. Rh4 Kc3 65. Rh5 Bc4 66. Rxb5 Bxb5 67. Kd1 Kxb4 1/2-1/2


[Site "https://www.chess.com"]

[Event "Titled Tuesday Blitz June 13 Early 2023"]
[White "Bryakin, Mikhail"]
[Black "ArtemDyachuk"]
[WhiteFideId "4165314"]
[WhiteElo "2464"]
[BlackElo "2623"]
[Result "0-1"]
[Round "9"]
[TimeControl "180+2"]
[Date "2023.06.13"]
[WhiteClock "0:01:05"]
[BlackClock "0:00:38"]
[Board "41"]

1. e4 c6 2. d4 d5 3. e5 c5 4. Nf3 cxd4 5. Qxd4 e6 6. Bd3 Nc6 7. Qf4 Nge7 8. h4 Qc7 9. h5 f6 10. exf6 Qxf4 11. Bxf4 gxf6 12. Bd2 e5 13. Bb5 Bd7 14. Nc3 e4 15. Nh4 f5 16. Ne2 Bg7 17. c3 d4 18. cxd4 Nxd4 19. Bxd7+ Kxd7 20. Nxd4 Bxd4 21. Bc3 Bxc3+ 22. bxc3 Rac8 23. O-O-O+ Ke6 24. Kb2 Nd5 25. Nxf5 Nxc3 26. Nd4+ Ke5 27. Rd2 Na4+ 28. Ka3 Nb6 29. Kb3 a5 30. Rhd1 Rc4 31. Nc2 Rhc8 32. Ne3 Rb4+ 33. Ka3 Rc3# 0-1


[Site "https://www.chess.com"]

[Event "Titled Tuesday Blitz June 13 Early 2023"]
[White "Atakhan, Abtin"]
[Black "Ezat, Mohamed"]
[WhiteFideId "22502203"]
[BlackFideId "10600906"]
[WhiteElo "2008"]
[BlackElo "2372"]
[Result "1-0"]
[Round "9"]
[TimeControl "180+2"]
[Date "2023.06.13"]
[WhiteClock "0:00:16"]
[BlackClock "0:00:56"]
[Board "42"]

1. d4 Nf6 2. c4 e6 3. Nf3 Bb4+ 4. Bd2 Bxd2+ 5. Qxd2 d6 6. Nc3 O-O 7. g3 Qe7 8. Bg2 e5 9. O-O e4 10. Ng5 Bf5 11. Qf4 Bg6 12. Ngxe4 Nxe4 13. Nxe4 Nc6 14. Nc3 Rab8 15. Qd2 h5 16. h4 Qd8 17. Nd5 Bf5 18. Nf4 g6 19. Nd5 Be6 20. Rac1 Rc8 21. Nf4 Bg4 22. b4 Qf6 23. Rfd1 Rfe8 24. b5 Nd8 25. Nd5 Qg7 26. Qg5 Ne6 27. Nf6+ Kh8 28. Nxe8 Rxe8 29. Qd2 Nd8 30. Re1 c6 31. d5 c5 32. e4 f6 33. Qa5 b6 34. Qa3 Qc7 35. Qc3 Kg7 36. Re3 Nf7 37. Rce1 Ne5 38. f3 Bc8 39. a4 Kh7 40. g4 hxg4 41. f4 Nd7 42. Rg3 f5 43. exf5 Qd8 44. fxg6+ Kh6 45. Rxg4 Nf6 46. Rxe8 Qxe8 47. Qxf6 Bxg4 48. Qg5+ Kg7 49. Qxg4 Qe3+ 50. Kh2 Qf2 51. Qg5 Qe3 52. h5 Kg8 53. h6 Qe8 54. Qf6 Qd7 55. Bh3 a5 56. Be6+ Qxe6 57. h7# 1-0


[Site "https://www.chess.com"]

[Event "Titled Tuesday Blitz June 13 Early 2023"]
[White "Ibadov, Dashgyn"]
[Black "Klukin, Kirill"]
[WhiteFideId "24107514"]
[BlackFideId "24199273"]
[WhiteElo "2208"]
[BlackElo "2344"]
[Result "1-0"]
[Round "9"]
[TimeControl "180+2"]
[Date "2023.06.13"]
[WhiteClock "0:00:14"]
[BlackClock "0:00:07"]
[Board "43"]

1. e4 c5 2. Nf3 Nc6 3. Bb5 g6 4. O-O Bg7 5. c3 Nf6 6. Re1 O-O 7. d4 d5 8. e5 Ne4 9. Bxc6 bxc6 10. Be3 Rb8 11. Qc1 Bg4 12. Nbd2 Nxd2 13. Nxd2 f6 14. exf6 Bxf6 15. h3 Bf5 16. Nf3 Qb6 17. b3 Be4 18. Ne5 Qc7 19. Bf4 Qc8 20. Qe3 Bg7 21. f3 Bf5 22. Bh6 Bxh6 23. Qxh6 Rb7 24. g4 cxd4 25. cxd4 Be6 26. Nxg6 Rf7 27. Re5 hxg6 28. Qxg6+ Kf8 29. Rxe6 c5 30. Qh6+ Ke8 31. Rae1 Rc7 32. Qh8+ Kd7 33. Qe5 Qe8 34. Qxd5+ Kc8 35. Qa8+ Kd7 36. Rd6+ Kxd6 37. Qxe8 Rxf3 38. Qd8+ Kc6 39. Rxe7 Rxe7 40. Qxe7 Rc3 41. Qxc5+ Rxc5 42. dxc5 a5 43. h4 Kxc5 44. h5 Kb4 45. h6 Ka3 46. h7 Kxa2 47. h8=Q Kxb3 48. g5 1-0


[Site "https://www.chess.com"]

[Event "Titled Tuesday Blitz June 13 Early 2023"]
[White "Papasimakopoulos, Alexandros"]
[Black "Kvaloy, Aksel Bu"]
[WhiteFideId "4244125"]
[BlackFideId "1528815"]
[WhiteElo "2359"]
[BlackElo "2318"]
[Result "0-1"]
[Round "9"]
[TimeControl "180+2"]
[Date "2023.06.13"]
[WhiteClock "0:00:05"]
[BlackClock "0:00:14"]
[Board "44"]

1. d4 Nf6 2. c4 e6 3. Nc3 Bb4 4. Qc2 O-O 5. a3 Bxc3+ 6. Qxc3 d5 7. Nf3 dxc4 8. Qxc4 b6 9. Bg5 Bb7 10. Qa4 c5 11. dxc5 Nbd7 12. cxb6 Qxb6 13. Qb4 Qxb4+ 14. axb4 Nd5 15. Bd2 N7f6 16. e3 Rfd8 17. Ba6 Bxa6 18. Rxa6 Ne4 19. Ke2 Nxd2 20. Nxd2 Nxb4 21. Ra4 Nc6 22. Rc1 Ne5 23. Rc3 Rab8 24. b3 Rb7 25. Rd4 Rdb8 26. f4 Ng6 27. g3 h5 28. Rd6 Ne7 29. e4 g6 30. Rcd3 Kg7 31. Kf3 Rb6 32. Rd7 R8b7 33. Rxb7 Rxb7 34. Rc3 e5 35. fxe5 g5 36. Nc4 Ng6 37. Ke3 Rc7 38. Kd4 Re7 39. Kd5 h4 40. Nd6 Rxe5+ 41. Kc6 Re6 42. Kc7 h3 43. Rc5 Ne5 44. Ra5 Kf6 45. Ra2 Nf3 46. Rf2 g4 47. b4 Ke5 48. Nxf7+ Kxe4 49. b5 Re7+ 50. Kd6 Rxf7 51. Re2+ Kd3 52. Ra2 Nd4 53. Kd5 Rf5+ 54. Kd6 Nxb5+ 55. Ke6 Nd4+ 56. Kd6 Ke3 57. Ra3+ Kf2 58. Ra4 Ne2 59. Ke6 Rf3 60. Rxg4 Kg2 61. Rh4 Nxg3 62. hxg3 Rxg3 63. Ra4 Rf3 64. Ra2+ Rf2 65. Ra1 h2 66. Ke5 h1=Q 67. Rg1+ Qxg1 0-1


[Site "https://www.chess.com"]

[Event "Titled Tuesday Blitz June 13 Early 2023"]
[White "Nagare Kaivalya Sandip"]
[Black "Wagner, Dennis"]
[WhiteFideId "25957929"]
[BlackFideId "24650684"]
[WhiteElo "2024"]
[BlackElo "2478"]
[Result "1-0"]
[Round "9"]
[TimeControl "180+2"]
[Date "2023.06.13"]
[WhiteClock "0:00:22"]
[BlackClock "0:00:00"]
[Board "45"]

1. e4 c5 2. Nf3 d6 3. d4 cxd4 4. Nxd4 Nf6 5. Nc3 a6 6. Bg5 Qc7 7. f4 e6 8. Qf3 b5 9. O-O-O Bb7 10. Bd3 b4 11. Nce2 Nbd7 12. Kb1 Be7 13. g4 Nc5 14. Bxf6 gxf6 15. Ng3 O-O-O 16. Qe2 Kb8 17. Nb3 Nxd3 18. cxd3 a5 19. Qe3 a4 20. Rc1 Qd7 21. Na5 Qb5 22. Nxb7 Qxb7 23. Ne2 h5 24. Nd4 Rc8 25. Rxc8+ Rxc8 26. gxh5 Qb6 27. h6 d5 28. Nf5 Qxe3 29. Nxe3 dxe4 30. dxe4 Rh8 31. Ng4 Bf8 32. Nxf6 Bxh6 33. f5 exf5 34. exf5 Kb7 35. Nd5 b3 36. axb3 axb3 37. h4 Bg5 38. h5 Kc6 39. Nc3 Bh6 40. Ne2 Re8 41. Nd4+ Kd5 42. Nxb3 Re2 43. Rd1+ Ke5 44. Rd7 Kf6 45. Rd6+ Kg5 46. Nd4 Rf2 47. b4 Kxh5 48. b5 Bg7 49. b6 Bxd4 50. Rxd4 Rxf5 51. Rb4 Rf1+ 52. Kc2 Rf5 53. b7 Rc5+ 54. Kb2 1-0


[Site "https://www.chess.com"]

[Event "Titled Tuesday Blitz June 13 Early 2023"]
[White "Martinez Ramirez, Lennis"]
[Black "Ahmad, Khagan"]
[WhiteFideId "3509079"]
[BlackFideId "13431552"]
[WhiteElo "2410"]
[BlackElo "2209"]
[Result "0-1"]
[Round "9"]
[TimeControl "180+2"]
[Date "2023.06.13"]
[WhiteClock "0:00:02"]
[BlackClock "0:01:29"]
[Board "46"]

1. Nf3 d5 2. c4 c6 3. b3 Nf6 4. Bb2 Bg4 5. e3 Nbd7 6. Be2 e6 7. h3 Bxf3 8. Bxf3 Bd6 9. d3 Bb4+ 10. Nd2 Qa5 11. a3 Bxd2+ 12. Qxd2 Qxd2+ 13. Kxd2 e5 14. Be2 Ke7 15. g4 Rhd8 16. g5 Ne8 17. h4 Nc5 18. Kc2 dxc4 19. bxc4 f6 20. Rag1 Rd7 21. h5 Rad8 22. h6 g6 23. gxf6+ Nxf6 24. Bxe5 Nxd3 25. Bd4 Nxf2 26. Rh4 N2e4 27. Bd3 c5 28. Bxe4 cxd4 29. Bf3 dxe3 30. Re1 Rd2+ 31. Kc3 R8d3+ 32. Kb4 Rb2+ 33. Ka4 Nd7 34. Re4+ Kd8 35. R4xe3 Nc5+ 36. Ka5 b6# 0-1


[Site "https://www.chess.com"]

[Event "Titled Tuesday Blitz June 13 Early 2023"]
[White "Srihari L R"]
[Black "Bodnaruk, Anastasia"]
[WhiteFideId "46617116"]
[BlackFideId "4181751"]
[WhiteElo "2334"]
[BlackElo "2304"]
[Result "1-0"]
[Round "9"]
[TimeControl "180+2"]
[Date "2023.06.13"]
[WhiteClock "0:01:19"]
[BlackClock "0:00:00"]
[Board "47"]

1. c4 e5 2. Nc3 d6 3. Nf3 f5 4. d4 e4 5. Ng5 Be7 6. h4 Nf6 7. g3 c6 8. Bg2 a5 9. O-O O-O 10. Nh3 d5 11. cxd5 cxd5 12. Nf4 Nc6 13. Be3 Kh8 14. a3 Bd6 15. Ncxd5 Nxd5 16. Nxd5 Bxg3 17. fxg3 Qxd5 18. Rc1 b6 19. Qc2 Bd7 20. Qc4 Ne7 21. Bg5 Qxc4 22. Rxc4 Nd5 23. Rfc1 a4 24. e3 Rfc8 25. Bf1 Rxc4 26. Rxc4 Kg8 27. Kf2 Kf7 28. Rc1 Ke6 29. Bf4 b5 30. Be5 g6 31. Rc5 b4 32. Bc4 bxa3 33. Bxd5+ Ke7 34. bxa3 1-0


[Site "https://www.chess.com"]

[Event "Titled Tuesday Blitz June 13 Early 2023"]
[White "Skawinski, Arkadiusz"]
[Black "Kucuksari, Kaan"]
[WhiteFideId "1126415"]
[BlackFideId "6380166"]
[WhiteElo "2218"]
[BlackElo "2364"]
[Result "1-0"]
[Round "9"]
[TimeControl "180+2"]
[Date "2023.06.13"]
[WhiteClock "0:02:34"]
[BlackClock "0:02:11"]
[Board "48"]

1. e4 e5 2. Nf3 Nc6 3. Bb5 a6 4. Ba4 Nf6 5. O-O Nxe4 6. d4 b5 7. Bb3 d5 8. Nc3 Nxc3 9. bxc3 e4 10. Ng5 h6 11. Nxf7 Kxf7 12. Qh5+ Kf6 13. Bxd5 Bb7 14. Qf7# 1-0


[Site "https://www.chess.com"]